 Dungeon Crawl Stone Soup version 0.23-a0-650-ga4d50d4 (console) character file.

11 bli the Skirmisher (level 2, 0/24 HPs)
             Began as a Formicid Abyssal Knight on Jan 4, 2019.
             Was a Follower of Lugonu.
             Slain by a kobold (3 damage)
             ... on level 1 of the Dungeon.
             The game lasted 00:01:46 (201 turns).

bli the Skirmisher (Formicid Abyssal Knight)         Turns: 201, Time: 00:01:47

Health: 0/24       AC:  3    Str: 16    XL:     2   Next: 35%
Magic:  3/3        EV: 11    Int: 11    God:    Lugonu [*.....]
Gold:   26         SH:  0    Dex: 10    Spells: 1/1 levels left

rFire    . . .     SeeInvis +   a - +1 hand axe
rCold    . . .     Gourm    .   (no shield)
rNeg     . . .     Faith    .   b - +0 leather armour
rPois    .         Spirit   .   (helmet unavailable)
rElec    .         Reflect  .   (no cloak)
rCorr    .         Harm     .   (no gloves)
MR       .....                  (no boots)
Stlth    +.........             (no amulet)
HPRegen  0.08/turn              (no ring)
MPRegen  0.08/turn              (no ring)

@: no status effects
A: permanent stasis, dig shafts and tunnels, four strong arms, antennae 3
a: Dig, Shaft Self, Depart the Abyss, Renounce Religion


You were on level 1 of the Dungeon.
You worshipped Lugonu.
Lugonu was aware of your devotion.
You were not hungry.

You visited 1 branch of the dungeon, and saw 1 of its levels.
You visited the Abyss 1 time.

You collected 26 gold pieces.

Inventory:

Hand Weapons
 a - a +1 hand axe (weapon)
Missiles
 g - 12 stones (quivered)
Armour
 b - a +0 leather armour (worn)
 i - a +0 ring mail
Scrolls
 d - a scroll of teleportation {unknown}
 e - 2 scrolls of identify {unknown}
Potions
 h - a potion of degeneration {unknown}
Comestibles
 c - a ration
 f - 4 chunks of flesh


   Skills:
 - Level 3.2 Fighting
 * Level 2.9 Axes
 - Level 2.1 Armour
 - Level 0.8 Dodging
 - Level 2.1 Invocations


You had one spell level left.
You didn't know any spells.
Your spell library was empty.

Dungeon Overview and Level Annotations

Branches:
Dungeon (1/15)

Altars:


Innate Abilities, Weirdness & Mutations

You cannot be hasted, slowed, berserked, paralysed or teleported.
You can dig through walls and to a lower floor.
Your four strong arms can wield two-handed weapons with a shield.
You have a pair of large antennae on your head. (SInv)


Message History

You hit the hobgoblin.
The hobgoblin is heavily wounded.
The hobgoblin barely misses you.
You slash the hobgoblin!
You kill the hobgoblin!
Lugonu accepts your kill.
You barely miss the goblin. The goblin hits you.
* * * LOW HITPOINT WARNING * * *
You closely miss the goblin. The goblin closely misses you.
The goblin hits
* * * LOW HITPOINT WARNING * * *
There is a staircase leading out of the dungeon here.
You closely miss the goblin. The goblin barely misses you.
You slash the goblin!
You kill the goblin!
Lugonu accepts your kill.
A kobold comes into view.
The kobold shouts!
Found a metallic puce potion and 24 stones.
You closely miss the kobold. The kobold hits you.
You die...

#.######### ##.........#
..)........#
...........###### ... ..
................. ......
##†..###########.#......
##...÷...#....# !.#..
#..#####...##.# ....
..#.....#..##.# ..#
.#.......#..#.###..#
#....<....#.....@..#
.#.......#......#K##
..#.....#..#....#...
#..#####..##....###...
##. ...###...(# ..... ##
##.## #....# ...( #.
.....# ... # ##....# ...
######


You could see a kobold.

Vanquished Creatures
  A leopard gecko (D:1)
  A goblin (D:1)
  3 hobgoblins (D:1)
  A bat (D:1)
  3 frilled lizards (D:1)
  A kobold (D:1)
10 creatures vanquished.

Notes
Turn   | Place    | Note
-------+----------+-------------------------------------------
     0 | Abyss:1  | bli the Formicid Abyssal Knight began the quest for the
                  | Orb.
     0 | Abyss:1  | Reached XP level 1. HP: 18/18 MP: 2/2
    48 | Abyss:1  | Noticed a Hell Sentinel
    52 | Abyss:1  | Noticed a starcursed mass
    55 | D:1      | Escaped the Abyss
   147 | D:1      | Reached XP level 2. HP: 15/24 MP: 3/3
   160 | D:1      | Reached * piety under Lugonu
   172 | D:1      | HP: 1/24 [goblin (1)]
   201 | D:1      | Slain by a kobold

Vault maps used:
D:1:      scummos_arrival_hexagon

Action                   || total
-------------------------++-------
Melee: Hand axe          ||    38
Invok: Depart the Abyss  ||     1
Armor: Leather armour    ||     7
Dodge: Dodged            ||    19

Table legend:
 A = Non-vault XP
 B = Vault XP
 C = Vault XP percentage of total XP
 D = Non-vault monster count
 E = Vault monster count
 F = Vault count percentage of total count
                 A         B        C        D         E       F
            +---------+---------+-------+---------+---------+-------
      Total |      16 |       0 |   0.0 |      10 |       0 |   0.0
            +---------+---------+-------+---------+---------+-------
        D:1 |      16 |       0 |   0.0 |      10 |       0 |   0.0
            +---------+---------+-------+---------+---------+-------
